 Dungeon Crawl Stone Soup version 0.28.0-43-g3370ac3207 (webtiles) character file.

Game seed: 4870460729153112879

349 RascalDebosk the Skirmisher (level 6, 0/50 HPs)
             Began as a Hill Orc Fighter on Mar 6, 2022.
             Succumbed to a scorpion's poison
             ... on level 4 of the Dungeon.
             The game lasted 00:31:26 (3245 turns).

RascalDebosk the Skirmisher (Hill Orc Fighter)      Turns: 3245, Time: 00:31:26

Health: 0/50       AC:  9    Str: 21    XL:     6   Next: 60%
Magic:  8/8        EV:  7    Int:  8    God:
Gold:   211        SH:  4    Dex: 10    Spells: 5/5 levels left

rFire   + . .      SeeInvis .   a - +0 war axe
rCold   . . .      Faith    .   c - +0 buckler
rNeg    . . .      Spirit   .   i - +0 chain mail
rPois   .          Reflect  .   (no helmet)
rElec   .          Harm     .   (no cloak)
rCorr   .          Rampage  .   (no gloves)
Will    .....                   (no boots)
Stlth   ..........              (no amulet)
HPRegen 0.16/turn               j - ring of protection from fire
MPRegen 0.11/turn               (no ring)

@: lethally poisoned (0 -> -8)
A: frail 1, wild magic 1
a: no special abilities


You were on level 4 of the Dungeon.
You visited 1 branch of the dungeon, and saw 4 of its levels.

You collected 211 gold pieces.

Inventory:

Hand Weapons
 a - a +0 war axe (weapon)
Missiles
 g - 43 stones (quivered)
 m - 2 boomerangs of dispersal
 n - 11 poisoned darts
 q - 2 boomerangs
Armour
 b - a +0 scale mail
 c - a +0 buckler (worn)
 i - a +0 chain mail (worn)
Jewellery
 j - a ring of protection from fire (left hand)
Wands
 r - a wand of digging (5)
Scrolls
 e - a scroll of magic mapping
 o - a scroll of teleportation {unknown}
Potions
 d - a potion of might
 f - a potion of brilliance
 k - a potion of magic
 l - a potion of flight


   Skills:
 + Level 5.0 Fighting
 + Level 4.6 Axes
 + Level 4.5 Armour
 + Level 4.5 Shields
 + Level 3.4 Invocations


You had 5 spell levels left.
You didn't know any spells.
Your spell library contained the following spells:

 Spells                   Type           Power      Damage    Failure   Level
 Blade Hands              Tmut           0%         N/A       100%        5
 Irradiate                Conj/Tmut      0%         3d13      100%        5
 Dragon Form              Tmut           0%         N/A       100%        7


Dungeon Overview and Level Annotations

Branches:
Dungeon (4/15)
 Temple: D:4-7

Altars:


Innate Abilities, Weirdness & Mutations

You are frail. (-10% HP)
Your spells are a little harder to cast, but a little more powerful.


Message History

You block the scorpion's attack.
You barely miss the scorpion.
The scorpion is heavily wounded.
You feel sick. The scorpion stings you.
You are more poisoned.
The scorpion poisons you!
You slash the scorpion!
The scorpion is almost dead.
You feel very sick. The scorpion stings you.
* * * LOW HITPOINT WARNING * * *
The scorpion stings you but does no damage.
It was a potion of heal wounds.
You feel much better.
You feel sick. The scorpion stings you.
You barely miss the scorpion.
The scorpion is almost dead.
You feel sick. The scorpion stings you.
You are more poisoned.
The scorpion poisons you! The scorpion stings you.
You are lethally poisoned!
The scorpion poisons you!
You slash the scorpion!
You kill the scorpion!
* * * LOW HITPOINT WARNING * * *
You feel extremely sick.
Your Fighting skill increases to level 5!
You feel extremely strange.
Your teeth lengthen and sharpen.
* * * LOW HITPOINT WARNING * * *
You feel very sick.
You feel extremely strange.
Your teeth shrink to normal size.
You feel frail.
You feel less in control of your magic.
* * * LOW HITPOINT WARNING * * *
You feel very sick.
* * * LOW HITPOINT WARNING * * *
You feel very sick.
* * * LOW HITPOINT WARNING * * *
You feel sick.
You die...

*,,,,,,,***,,***,,,*
,,,,,,,,,******,,..#
,,,,,,,,,,* *,,,..#
,,***,,,,,* *,,,..#
,,* **,,,*###**,...#
,,****,,*##..#**...#
,,,,,,,**#....#*#..#
,,***,,**......##..#
,,,,>,,,,.......@..#
****,,,,,......[...#
,,,,,,,,,......)...#
****,,,,,..........#
,,,,,,,,,..........#
,....,,,,..........#
,.....,,,####+####.#
,........####.####.#
,,.................#


There were no monsters in sight!

Vanquished Creatures
  A scorpion (D:4)
  3 jellies (D:4)
  Ijyb (D:3)
  2 iguanas (D:4)
  3 gnolls (D:2)
  3 adders
  An adder skeleton (D:2)
  2 dart slugs
  An orc (D:4)
  6 ball pythons
  7 bats
  10 endoplasms
  2 giant cockroaches
  4 goblins
  3 hobgoblins (D:1)
  3 jackals (D:2)
  3 kobolds
  2 quokkas
  2 frilled lizards
  4 rats
63 creatures vanquished.

Notes
Turn   | Place    | Note
-------+----------+-------------------------------------------
     0 | D:1      | RascalDebosk the Hill Orc Fighter began the quest for the
                  | Orb.
     0 | D:1      | Reached XP level 1. HP: 19/19 MP: 1/1
   189 | D:1      | Reached XP level 2. HP: 23/27 MP: 2/2
   485 | D:1      | Reached skill level 1 in Invocations
   516 | D:1      | Found a faded altar of an unknown god.
   695 | D:1      | Reached XP level 3. HP: 32/33 MP: 3/3
  1078 | D:2      | Reached skill level 4 in Fighting
  1176 | D:2      | Reached XP level 4. HP: 22/40 MP: 5/5
  2103 | D:3      | Noticed Ijyb
  2112 | D:3      | Killed Ijyb
  2113 | D:3      | Reached XP level 5. HP: 41/47 MP: 6/6
  2955 | D:4      | Reached XP level 6. HP: 33/55 MP: 8/8
  3241 | D:4      | Reached skill level 5 in Fighting
  3241 | D:4      | Gained mutation: You have very sharp teeth. [potion of
                  | mutation]
  3242 | D:4      | Lost mutation: You have very sharp teeth. [potion of
                  | mutation]
  3242 | D:4      | Gained mutation: You are frail. (-10% HP) [potion of
                  | mutation]
  3242 | D:4      | Gained mutation: Your spells are a little harder to cast,
                  | but a little more powerful. [potion of mutation]
  3244 | D:4      | HP: 2/50 [poisoned by a scorpion]
  3245 | D:4      | Succumbed to a scorpion's poison

Illustrated notes

Levels and vault maps discovered:
D:1:      lemuel_arrival_cross, layout_loops_corners,
          shapermc_ecumenical_altar_mp_highgroup
D:2:      layout_loops_ring, nicolae_concentric_dashed_squares_mild
D:3:      layout_loops_cross, corexii_item_surrounded_by_moat, uniq_ijyb
D:4:      layout_basic, st_stairs_5, minivault_19

Skill      XL: |  1  2  3  4  5  6 |
---------------+-------------------+-----
Axes           | 3 4 |  4.6
Invocations    | 1 2 3 |  3.4
Fighting       | 4 5 |  5.0
Armour         | 4 |  4.5
Shields        | 4 |  4.5

Action                   |  1- 3 |  4- 6 || total
-------------------------+-------+-------++-------
Melee: War axe           |    67 |   108 ||   175
Throw: Stone             |       |     5 ||     5
  Use: Scroll            |       |     9 ||     9
       Potion            |       |     3 ||     3
Armor: Scale mail        |    10 |       ||    10
       Chain mail        |    44 |    59 ||   103
Dodge: Dodged            |    29 |    37 ||    66
Block: Buckler           |    18 |    23 ||    41
